 Dungeon Crawl Stone Soup version 0.19.1 (webtiles) character file.

10 Gargoyl the Skirmisher (level 2, 0/26 HPs)
             Began as a Ghoul Abyssal Knight on Dec 17, 2016.
             Was a Follower of Lugonu.
             Slain by a gnoll
             ... wielding a +0 flail
              (4 damage)
             ... on level 1 of the Dungeon.
             The game lasted 00:01:55 (811 turns).

Gargoyl the Skirmisher (Ghoul Abyssal Knight)        Turns: 811, Time: 00:01:56

Health: 0/26       AC: 10    Str: 13 (15) XL:     2   Next: 20%
Magic:  2/2        EV:  3    Int:  7      God:    Lugonu [*.....]
Gold:   31         SH:  0    Dex: 11 (12) Spells: 0 memorised, 1 level left

rFire  . . .     SeeInvis .     a - +1 hand axe
rCold  + . .     Gourm    .     k - +0 plate armour
rNeg   + + +     Faith    .     (no shield)
rPois  ∞         Spirit   .     (no helmet)
rElec  .         Reflect  .     (no cloak)
rCorr  .         Harm     .     (no gloves)
MR     .....                    (no boots)
Stlth  ..........               (no amulet)
                                (no ring)
                                d - +4 ring of dexterity

@: rotting
A: rotting body, claws 1, carnivore 3, cold resistance 1, negative energy
resistance 3, slow regeneration 1, torment resistance, unbreathing
a: Depart the Abyss, Renounce Religion


You were on level 1 of the Dungeon.
You worshipped Lugonu.
Lugonu was aware of your devotion.
You were not hungry.

You visited 1 branch of the dungeon, and saw 1 of its levels.
You visited the Abyss 1 time.

You collected 31 gold pieces.

Inventory:

Hand Weapons
 a - a +1 hand axe (weapon)
Armour
 k - a +0 plate armour (worn)
Jewellery
 d - a +4 ring of dexterity (left claw)
Scrolls
 b - 2 scrolls of recharging {unknown}
 e - a scroll of immolation {unknown}
 f - a scroll of remove curse {unknown}
 g - a scroll of blinking {unknown}
 j - a scroll of identify {unknown}
Comestibles
 c - 3 meat rations
 h - 6 chunks of flesh


   Skills:
 + Level 3.4 Fighting
 + Level 2.0 Axes
 * Level 2.0 Armour
 + Level 0.8 Dodging
 * Level 2.1 Invocations


You had one spell level left.
You didn't know any spells.

Dungeon Overview and Level Annotations

Branches:
Dungeon (1/15)

Altars:


Innate Abilities, Weirdness & Mutations

Your body is rotting away.
You thrive on raw meat.
You are immune to poison.
You have sharp fingernails.
You are carnivorous and can eat meat at any time.
Your flesh is cold resistant. (rC+)
You are immune to negative energy. (rN+++)
You regenerate slowly when monsters are visible.
You are immune to unholy pain and torment.
You can survive without breathing.


Message History

You closely miss the bat. The bat hits you but does no damage.
The gnoll hits you with a flail.
You hit the gnoll but do no damage.
The gnoll is severely wounded.
The bat hits you but does no damage. x2; The gnoll hits you with a flail.
* * * LOW HITPOINT WARNING * * *
You closely miss the gnoll.
The gnoll is severely wounded.
You hit the bat. The bat hits you but does no damage.
The gnoll hits you with a flail.
* * * LOW HITPOINT WARNING * * *
It was a potion of mutation.
You feel extremely strange.
Your body decomposes!
You feel weakened.
Your body decomposes!
You feel clumsy.
Your body decomposes!
You feel weakened. The bat hits you but does no damage.
The gnoll hits you with a flail.
You die...

...# #.....#.........# #...#.#
...# #...............###...#.##
...######....#...................
.........(...#...#.....###...#..#
...######.(..#...................
...# #......#...............####
...# #..........b.....####......
+### #.........................#
#......#).@#.#.............
...........g.....#...#.....[
#####.............#.........#
.........##.#.###........#
#.#...###.# .# # #......#.#
..#... ..# .#.#####..###.# .
..... .... #............# .. #...
..[.. ....#...##### ## ......
.##.#.#.#


You could see a gnoll and a bat.

Vanquished Creatures
  A goblin (D:1)
  2 bats (D:1)
  4 frilled lizards (D:1)
  3 kobolds (D:1)
  A rat (D:1)
11 creatures vanquished.

Notes
Turn   | Place    | Note
-------+----------+-------------------------------------------
     0 | Abyss:1  | Gargoyl the Ghoul Abyssal Knight began the quest for the Orb.
     0 | Abyss:1  | Reached XP level 1. HP: 19/19 MP: 1/1
     0 | Abyss:1  | Found a corrupted altar of Lugonu.
   200 | Abyss:1  | Noticed a chaos spawn
   201 | Abyss:1  | Noticed an ancient zyme
   229 | Abyss:1  | Noticed a cyan very ugly thing
   233 | Abyss:1  | Noticed a green death
   240 | Abyss:1  | Noticed a small abomination
   255 | D:1      | Escaped the Abyss
   718 | D:1      | Reached XP level 2. HP: 26/26 MP: 2/2
   742 | D:1      | Reached * piety under Lugonu
   811 | D:1      | Slain by a gnoll

Skill      XL: |  1  2 |
---------------+-------+-----
Armour         | 2 |  2.0
Axes           | 2 |  2.0
Fighting       | |  3.4
Dodging        | |  0.8
Invocations    | |  2.1

Action                   || total
-------------------------++-------
Melee: Hand axe          ||    41
Invok: Depart the Abyss  ||     1
  Use: Potion            ||     1
  Eat: Chunk             ||     1
Armor: Plate armour      ||    34
       Ring mail         ||     4
Dodge: Dodged            ||    16
